 Dungeon Crawl Stone Soup version 0.28-a0-1616-g050a50673c (webtiles) character file.

Game seed: 10324364425286889333

4 anonymouscript the Grasshopper (level 1, 0/10 HPs)
             Began as a Spriggan Warper on Jan 23, 2022.
             Slain by a rat (3 damage)
             ... on level 1 of the Dungeon.
             The game lasted 00:00:37 (71 turns).

anonymouscript the Grasshopper (Spriggan Warper)      Turns: 71, Time: 00:00:38

Health: 0/10       AC:  2    Str:  7    XL:     1   Next: 50%
Magic:  5/5        EV: 17    Int: 14    God:
Gold:   12         SH:  0    Dex: 14    Spells: 5/5 levels left

rFire   . . .      SeeInvis +   a - +0 short sword
rCold   . . .      Faith    .   (no shield)
rNeg    . . .      Spirit   .   b - +0 robe
rPois   .          Reflect  .   (helmet restricted)
rElec   .          Harm     .   (no cloak)
rCorr   .          Rampage  .   (gloves unavailable)
Will    .....                   (boots unavailable)
Stlth   +.........              (no amulet)
HPRegen 0.03/turn               (no ring)
MPRegen 0.09/turn               (no ring)

@: very quick
A: very small, no large weapons, unfitting armour, see invisible, speed 3
a: no special abilities


You were on level 1 of the Dungeon.
You visited 1 branch of the dungeon, and saw 2 of its levels.

You collected 12 gold pieces.

Inventory:

Hand Weapons
 a - a +0 short sword (weapon)
Missiles
 d - 5 boomerangs of dispersal (quivered)
Armour
 b - a +0 robe (worn)
Scrolls
 c - a scroll of blinking


   Skills:
 + Level 1.5 Fighting
 + Level 2.1 Short Blades
 + Level 1.0 Throwing
 + Level 3.3 Dodging
 + Level 2.9 Spellcasting
 + Level 4.4 Translocations


You had 5 spell levels left.
You didn't know any spells.
Your spell library contained the following spells:

 Spells                   Type           Power      Damage    Failure   Level
 Blink                    Tloc           28%        N/A       5%          2
 Gell's Gravitas          Tloc           14%        N/A       11%         3
 Lesser Beckoning         Tloc           14%        N/A       11%         3
 Teleport Other           Tloc           14%        N/A       11%         3
 Manifold Assault         Tloc           14%        N/A       67%         5


Dungeon Overview and Level Annotations

Branches:
Dungeon (2/15)

Altars:


Innate Abilities, Weirdness & Mutations

You are very small and have problems with some larger weapons.
You are too small for most types of armour.
You have supernaturally acute eyesight. (SInv)
You cover ground extremely quickly. (Speed+++)


Message History

The ball python completely misses you. The ball python constricts you.
The rat misses you. The kobold misses you.
The ball python's grasp on you weakens, but your attempt to escape fails.
The bat barely misses you. The bat hits you. The rat misses you.
The ball python misses you. The ball python constricts you. The rat bites you.
The kobold barely misses you.
You hit the ball python.
You kill the ball python!
The bat completely misses you. The rat barely misses you.
The rat bites you but does no damage. The kobold closely misses you.
You see here a ball python corpse.
The rat bites you. The bat completely misses you.
The bat completely misses you.
You hit the bat.
The bat is severely wounded.
The bat misses you.
You hit the rat.
You kill the rat!
You barely miss the kobold. You hit the kobold but do no damage.
The kobold barely misses you.
You hit the kobold but do no damage. The kobold closely misses you.
You hit the kobold.
The kobold is moderately wounded.
The kobold barely misses you.
You completely miss the kobold.
The kobold is moderately wounded.
The kobold hits you with a +0 dagger.
* * * LOW HITPOINT WARNING * * *
You hit the kobold.
You kill the kobold!
The bat barely misses you.
You closely miss the bat.
The bat is moderately wounded.
The bat barely misses you.
You hit the bat but do no damage.
The bat is moderately wounded.
The bat barely misses you.
You hit the rat but do no damage. The rat misses you.
You barely miss the rat. The rat bites you.
You die...

........#....##+##Z#
#..#......###...###
###.#......#Z#.>....
...........###...###
#........####'##^# .
#..#........#.####
... #........##...# #
.....####......######
# .......@rb>....#
.....######....# ...
#....# . ######


You could see a bat and a rat.

Vanquished Creatures
  A goblin (D:2)
  A ball python (D:1)
  A kobold (D:1)
  2 rats (D:1)
5 creatures vanquished.

Notes
Turn   | Place    | Note
-------+----------+-------------------------------------------
     0 | D:1      | anonymouscript the Spriggan Warper began the quest for the
                  | Orb.
     0 | D:1      | Reached XP level 1. HP: 10/10 MP: 5/5
     3 | D:1      | Noticed a minotaur zombie
     8 | D:1      | Noticed a demonspawn zombie
    71 | D:1      | Slain by a rat

Illustrated notes

Levels and vault maps discovered:
D:1:      shiori_arrival_whats_in_store_for_you, layout_basic,
          basic_ecumenical_altar
D:2:      kennysheep_big_flooded_room, layout_basic, basic_altar,
          minmay_randomly_rotated_circles

Action                   || total
-------------------------++-------
Melee: Short sword       ||    19
Armor: Robe              ||     2
Dodge: Dodged            ||    38

Table legend: (Time is in decaauts)
 A = Elapsed time spent in this place.
 B = Non-inter-level travel time spent in this place.
 C = Inter-level travel time spent in this place.
 D = Time resting spent in this place.
 E = Time spent auto-exploring this place.
 F = Levels seen in this place.
 G = Mean time per level.
                   A        B        C        D        E       F      G
               +--------+--------+--------+--------+--------+-----+--------+
         Total |     53 |     53 |      0 |      0 |     17 |   2 |   26.5 |
       Dungeon |     53 |     53 |      0 |      0 |     17 |   2 |   26.5 |
               +--------+--------+--------+--------+--------+-----+--------+

Top non-repeatable levels by time:
     D:1: 49 daAuts
     D:2: 4 daAuts
